[Event "Zonal 2.3 Absoluto 2022"]
[Site "San Pedro de Macoris"]
[Date "2022.03.22"]
[Round "4.2"]
[White "Barrientos, Sergio E"]
[Black "Camacho Campusano, David Daniel"]
[Result "1-0"]
[ECO "E70"]
[WhiteElo "2468"]
[BlackElo "2205"]
[Annotator "ChessBase"]
[PlyCount "63"]
[EventDate "2022.03.20"]
[EventCountry "DOM"]
[SourceTitle "playchess.com"]
[Source "ChessBase"]
[SourceQuality "1"]
[TimeControl "40/5400+30:1800+30"]

1. c4 Nf6 2. Nc3 g6 3. e4 d6 4. d4 Bg7 5. Nge2 O-O 6. h4 c5 7. d5 h5 8. Bg5 b5 9. cxb5 a6 10. a4 Qa5 11. Bd2 Nbd7 12. Ng3 Ne5 13. Be2 e6 14. O-O Qc7 15. Bf4 exd5 16. Nxd5 Nxd5 17. Qxd5 Be6 18. Qd2 c4 19. Bh6 axb5 20. Bxg7 Kxg7 21. axb5 Rxa1 22. Rxa1 Rb8 23. Qg5 Kf8 24. f4 Qc5+ 25. Kh1 Ng4 26. f5 Qe5 27. Bxg4 Qxg3 28. fxe6 Qxg4 29. Qf6 Kg8 30. Qxf7+ Kh8 31. Qf6+ Kh7 32. Qg5 1-0

[Event "Zonal 2.3 Absoluto 2022"]
[Site "San Pedro de Macoris"]
[Date "2022.03.22"]
[Round "4.4"]
[White "Sanchez Alvarez, Roberto Carlos"]
[Black "Mesa Cruz, Juan Carlos"]
[Result "1-0"]
[ECO "E32"]
[WhiteElo "2407"]
[BlackElo "1994"]
[Annotator "NA"]
[PlyCount "77"]
[EventDate "2022.03.20"]
[EventCountry "DOM"]
[SourceTitle "playchess.com"]
[Source "ChessBase"]
[SourceQuality "1"]
[TimeControl "40/5400+30:1800+30"]

1. d4 Nf6 2. c4 e6 3. Nc3 Bb4 4. Qc2 O-O 5. Nf3 d5 6. Bg5 c5 7. dxc5 d4 8. O-O-O e5 {[%emt 0:14:21] [#]} (8... Qa5 $14 9. Nxd4 (9. Rxd4 Nbd7 $16) 9... Bxc3 10. Bxf6 (10. Qxc3 Qxc3+ 11. bxc3 Ne4 $11) (10. bxc3 Nbd7 $14) 10... Bb4) 9. Nd5 $1 Bxc5 10. Nxe5 Qd6 11. Bxf6 gxf6 12. Nf3 b5 (12... Nc6 $142 13. a3 Ne7) 13. Nxd4 bxc4 14. Nb5 Qe5 15. e4 ({But not} 15. Qxc4 Bxf2 16. Nbc7 Bb7 $18) ({Resist} 15. e3 Nd7 16. Kb1 Rb8 $18) 15... Na6 16. f4 Qe6 17. Bxc4 Bb7 18. Ndc7 (18. Qc3 $142 Kg7 19. b4 Nxb4 20. Nxb4 Qxe4 21. Rhe1 Qxf4+ 22. Kb2 Bxb4 23. Qxb4) 18... Qxe4 19. Qxe4 ({Weaker is} 19. Nxa8 Qxf4+ 20. Rd2 (20. Kb1 Nb4 $11) 20... Be3 $11) 19... Bxe4 20. Rhe1 ({Don't blunder} 20. Nxa6 $2 Be3+ 21. Rd2 Rfd8 $19) (20. Nxa8 $18 Be3+ {[#]} 21. Rd2 $1 Bxa8 22. Rhd1 (22. Re1 Bxf4 23. Nxa7 Nc5 $16)) 20... Nxc7 21. Nxc7 Rac8 22. Rxe4 Rxc7 23. b3 Ba3+ 24. Kc2 a5 25. Rd5 Rc5 26. Rd7 Rfc8 27. Kd3 R5c7 28. Bxf7+ Kf8 29. Rxc7 Rxc7 $18 30. Be6 Rc6 31. Bd5 Rc1 32. Ra4 Bb4 33. a3 Rd1+ 34. Ke2 Rd2+ 35. Ke3 Bc3 36. Rc4 Rxd5 37. Rxc3 f5 38. b4 a4 39. Rc5 1-0

[Event "Zonal 2.3 Absoluto 2022"]
[Site "San Pedro de Macoris"]
[Date "2022.03.23"]
[Round "6.6"]
[White "Camacho Campusano, David Daniel"]
[Black "Perez Rodriguez, Luis Manuel"]
[Result "1/2-1/2"]
[ECO "A28"]
[WhiteElo "2205"]
[BlackElo "2324"]
[Annotator "ChessBase"]
[PlyCount "28"]
[EventDate "2022.03.20"]
[EventCountry "DOM"]
[SourceTitle "playchess.com"]
[Source "ChessBase"]
[SourceQuality "1"]
[TimeControl "40/5400+30:1800+30"]

1. c4 e5 2. Nc3 Nf6 3. Nf3 Nc6 4. e4 Bc5 5. Nxe5 Nxe5 6. d4 Bb4 7. dxe5 Nxe4 8. Qf3 f5 9. Bd3 d5 10. O-O Bxc3 11. bxc3 O-O 12. cxd5 Qxd5 13. Bxe4 Qxe4 14. Qxe4 fxe4 1/2-1/2

[Event "Zonal 2.3 Absoluto 2022"]
[Site "San Pedro de Macoris"]
[Date "2022.03.24"]
[Round "7.3"]
[White "Barrientos, Sergio E"]
[Black "Sanchez Alvarez, Roberto Carlos"]
[Result "0-1"]
[ECO "D41"]
[WhiteElo "2468"]
[BlackElo "2407"]
[Annotator "ChessBase"]
[PlyCount "84"]
[EventDate "2022.03.20"]
[EventCountry "DOM"]
[SourceTitle "playchess.com"]
[Source "ChessBase"]
[SourceQuality "1"]
[TimeControl "40/5400+30:1800+30"]

1. d4 Nf6 2. c4 e6 3. Nf3 d5 4. Nc3 c5 5. cxd5 Nxd5 6. e4 Nxc3 7. bxc3 cxd4 8. cxd4 Bb4+ 9. Bd2 Bxd2+ 10. Qxd2 O-O 11. Bc4 Nd7 12. O-O b6 13. a4 Bb7 14. Rfe1 h6 15. h3 Nf6 16. Bd3 Qc7 17. a5 a6 18. Rec1 Qd8 19. axb6 Nxe4 20. Qb2 Nf6 21. Ne5 Nd5 22. Be4 Rb8 23. Bxd5 Bxd5 24. Rxa6 Qg5 25. Ng4 f5 26. Ne3 Bb7 27. Ra5 Qg6 28. f4 Be4 29. Rb5 Rb7 30. Rc7 Rfb8 31. Kh2 Qe8 32. Rxb7 Rxb7 33. Nc4 Bd3 34. Qb3 Qc6 35. Rc5 Qe4 36. Qb2 Qxf4+ 37. g3 Qf1 38. Ne3 Rxb6 39. Qg2 Qb1 40. Qa8+ Kh7 41. Rc8 Rb2+ 42. Ng2 Rxg2+ 0-1

[Event "Zonal 2.3 Absoluto 2022"]
[Site "San Pedro de Macoris"]
[Date "2022.03.24"]
[Round "7.4"]
[White "Arvelo Leo, Gian Carlo"]
[Black "Cardoso Cardoso, Jose Gabriel"]
[Result "0-1"]
[ECO "D31"]
[WhiteElo "2080"]
[BlackElo "2461"]
[Annotator "ChessBase"]
[PlyCount "62"]
[EventDate "2022.03.20"]
[EventCountry "DOM"]
[SourceTitle "playchess.com"]
[Source "ChessBase"]
[SourceQuality "1"]
[TimeControl "40/5400+30:1800+30"]

1. d4 d5 2. c4 e6 3. Nc3 Bb4 4. a3 Bxc3+ 5. bxc3 c6 6. e3 Nf6 7. Bd3 e5 8. Ne2 e4 9. Bb1 dxc4 10. Ng3 Nd5 11. Bd2 f5 12. Qh5+ g6 13. Qh6 Qf6 14. O-O Qf8 15. Qg5 Qe7 16. Qh6 Nd7 17. f3 N7f6 18. Qh4 h6 19. fxe4 g5 20. Qh3 fxe4 21. Nf5 Bxf5 22. Rxf5 Qd7 23. Ba2 O-O-O 24. Raf1 Ne8 25. Qh5 Ng7 26. Qh3 Nxf5 27. Rxf5 Rhf8 28. Rxf8 Rxf8 29. Qxh6 Qf5 30. h3 Qf1+ 31. Kh2 Rf2 0-1

[Event "Zonal 2.3 Absoluto 2022"]
[Site "San Pedro de Macoris"]
[Date "2022.03.24"]
[Round "7.5"]
[White "Duran Vega, Sergio"]
[Black "Torres, Juan Camilo"]
[Result "1-0"]
[ECO "D94"]
[WhiteElo "2370"]
[BlackElo "2319"]
[Annotator "NA"]
[PlyCount "112"]
[EventDate "2022.03.20"]
[EventCountry "DOM"]
[SourceTitle "playchess.com"]
[Source "ChessBase"]
[SourceQuality "1"]
[TimeControl "40/5400+30:1800+30"]

1. d4 d5 2. Nf3 Nf6 3. c4 c6 4. e3 g6 5. Be2 Bg7 6. O-O O-O 7. Nc3 Ne4 8. Qb3 dxc4 9. Bxc4 Nd6 10. Be2 Qb6 (10... Bf5 $11) 11. Qc2 Bf5 12. e4 Bg4 13. Rd1 Nd7 14. Be3 Rac8 $14 15. Rac1 Qa5 16. Bd2 Bxf3 17. Bxf3 e5 18. Bg4 f5 19. exf5 Nxf5 20. Ne4 Qxa2 21. Bb4 exd4 22. Bxf8 Rxf8 23. Bxf5 gxf5 24. Nd6 Qd5 25. Nxb7 Rb8 26. Nc5 Nxc5 27. Qxc5 Qxc5 28. Rxc5 Rxb2 29. Rxc6 Rb7 30. Kf1 Kf7 31. Ra6 Bf8 32. Rxd4 Rb1+ 33. Ke2 Bc5 34. Rd7+ Ke8 35. Rd2 Bb6 36. Ra4 Rc1 37. Rh4 Rc7 38. Rh5 Rg7 39. Kf3 Ke7 40. Rxf5 Ke6 41. g4 Rc7 42. h4 Rc3+ 43. Kg2 Rc4 44. f3 Bc5 45. Re2+ Kd6 46. Ra2 Bb6 47. h5 a5 48. Rfxa5 Bxa5 49. Rxa5 Rc7 50. Rf5 Ke6 51. Kg3 Rc4 52. Rf4 Rc1 53. Rf8 Rc4 54. f4 Rb4 55. Rh8 Rb7 56. g5 Kd5 1-0

[Event "Zonal 2.3 Absoluto 2022"]
[Site "San Pedro de Macoris"]
[Date "2022.03.24"]
[Round "7.6"]
[White "Perez Rodriguez, Luis Manuel"]
[Black "Araujo Sanchez, Josue"]
[Result "1-0"]
[ECO "B22"]
[WhiteElo "2324"]
[BlackElo "2264"]
[Annotator "NA"]
[PlyCount "43"]
[EventDate "2022.03.20"]
[EventCountry "DOM"]
[SourceTitle "playchess.com"]
[Source "ChessBase"]
[SourceQuality "1"]
[TimeControl "40/5400+30:1800+30"]

1. e4 c5 2. c3 Nf6 3. e5 Nd5 4. Nf3 Nc6 5. Bc4 Nb6 6. Bb3 d6 7. exd6 Qxd6 8. O-O Bf5 9. d4 e6 10. Na3 $11 Qd7 11. Be3 cxd4 12. Nxd4 Nxd4 13. Bxd4 Bxa3 14. bxa3 O-O 15. Qe2 Qe7 16. Rfe1 Nd7 17. Qb5 Qd6 18. Qxb7 e5 19. Be3 Qxa3 20. Rad1 Nf6 21. Qb5 Rfe8 22. Bc5 1-0

[Event "Zonal 2.3 Absoluto 2022"]
[Site "San Pedro de Macoris"]
[Date "2022.03.25"]
[Round "8.3"]
[White "Ortiz Suarez, Isan Reynaldo"]
[Black "Perez Rodriguez, Luis Manuel"]
[Result "1-0"]
[ECO "A11"]
[WhiteElo "2531"]
[BlackElo "2324"]
[Annotator "ChessBase"]
[PlyCount "50"]
[EventDate "2022.03.20"]
[EventCountry "DOM"]
[SourceTitle "playchess.com"]
[Source "ChessBase"]
[SourceQuality "1"]
[TimeControl "40/5400+30:1800+30"]

1. Nf3 d5 2. d4 Nf6 3. c4 c6 4. g3 g6 5. Bg2 Bg7 6. O-O O-O 7. b3 a5 8. Nc3 Ne4 9. Bb2 Nxc3 10. Bxc3 Nd7 11. Rc1 a4 12. cxd5 cxd5 13. Bb4 Re8 14. bxa4 Nb6 15. Qb3 Nxa4 16. Ne5 Be6 17. Nd3 Bxd4 18. Nf4 Bd7 19. Rfd1 e5 20. Bxd5 Qf6 21. e3 Bg4 22. Rd2 Nb6 23. Bxb7 Rad8 24. Ng2 Be6 25. Qd1 Nc4 1-0